AoeStats
← Kiritastrich

Arabia

503424447Analyzed
1v1 RM · 1mo ago on Aug 31, 2026· 33m 58s· 2 players
Game mode
Random Map
Map size
Tiny (2 player)
Population
200
Speed
Normal
Resources
Standard
Victory
Conquest
Starting age
Dark Age
Ending age
Imperial Age
RankedLock teamsTeams togetherTeam positionsShared explorationLock speedFull tech treeHidden civsTurbo modeCheats
Victory
Defeat
🇷🇺 Maya · Russia
1891
+19
🇨🇷 Byzantines · Costa Rica
1962
-19
Kiritastrich
0:30 Loom
9:45 Feudal Age
10:27 Double-Bit Axe
16:38 Fletching
24:03 Castle Age
22:23 Scale Mail Armor
24:45 Squires
24:06 Eagle Warrior
25:06 Chain Mail Armor
24:44 Crossbowman
26:04 Bodkin Arrow
28:32 Ballistics
28:21 Arson
30:45 Forging
33:08 Gold Mining
salserin con mucho swin
6:42 Loom
9:21 Feudal Age
9:25 Man-at-Arms
13:48 Double-Bit Axe
17:05 Fletching
21:32 Castle Age
20:09 Gold Mining
20:58 Padded Archer Armor
21:33 Elite Skirmisher
21:34 Crossbowman
22:36 Bow Saw
24:28 Bodkin Arrow
29:04 Leather Archer Armor
30:06 Ballistics
Connection lost

Rejoining the realm…

Still unreachable

The connection could not be restored.

Session expired

The server has moved on; the page needs a fresh start.